 Dungeon Crawl Stone Soup version 0.23.2-33-g5129a83184 (webtiles) character file.

Game seed: 6929834949484379505

143 psyvane the Sneak (level 5, 0/34 HPs)
             Began as a Halfling Warper on July 18, 2019.
             Slain by an ooze (1 damage)
             ... on level 3 of the Dungeon.
             The game lasted 00:07:58 (3218 turns).

psyvane the Sneak (Halfling Warper)                 Turns: 3218, Time: 00:07:59

Health: 0/34       AC:  3    Str: 12    XL:     5   Next: 50%
Magic:  0/7        EV: 14    Int: 11    God:
Gold:   125        SH:  0    Dex: 15    Spells: 3/7 levels left

rFire    . . .     SeeInvis .   a - +0 short sword
rCold    . . .     Gourm    .   (shield restricted)
rNeg     . . .     Faith    .   b - +0 leather armour
rPois    .         Spirit   .   (no helmet)
rElec    .         Reflect  .   (no cloak)
rCorr    .         Harm     .   (no gloves)
MR       .....                  (no boots)
Stlth    +++.......             (no amulet)
HPRegen  0.11/turn              (no ring)
MPRegen  0.10/turn              (no ring)

@: very slightly contaminated
A: small, mutation resistance 1
a: no special abilities


You were on level 3 of the Dungeon.
You were not hungry.

You visited 1 branch of the dungeon, and saw 3 of its levels.

You collected 125 gold pieces.

Inventory:

Hand Weapons
 a - a +0 short sword (weapon)
Missiles
 e - 5 tomahawks of dispersal (quivered)
Armour
 b - a +0 leather armour (worn)
Scrolls
 c - a scroll of amnesia
 g - a scroll of magic mapping
 h - a scroll of identify
Comestibles
 d - 6 chunks of flesh
 f - 3 rations


   Skills:
 - Level 1.7 Fighting
 - Level 2.4 Short Blades
 - Level 1.0 Throwing
 - Level 1.1 Armour
 - Level 2.1 Dodging
 * Level 5.3 Stealth
 - Level 1.5 Spellcasting
 - Level 0.4 Charms
 - Level 3.7 Translocations


You had 3 spell levels left.
You knew the following spells:

 Your Spells              Type           Power        Failure   Level  Hunger
a - Blink                 Tloc           N/A          13%         2    ###....
b - Shroud of Golubria    Chrm/Tloc      #.........   24%         2    ###....

Your spell library contained the following spells:

 Spells                   Type           Power        Failure   Level  Hunger
 Gell's Gravitas          Tloc           #.........   26%         3    ####...
 Lesser Beckoning         Tloc           #.........   26%         3    ####...
 Teleport Other           Tloc           #.......     26%         3    ####...
 Passage of Golubria      Tloc           N/A          63%         4    #####..


Dungeon Overview and Level Annotations

Branches:
Dungeon (3/15)

Altars:
Nemelex Xobeh


Innate Abilities, Weirdness & Mutations

You are small and have problems with some larger weapons.
You are somewhat resistant to further mutation.


Message History

The adder is severely wounded.
The adder barely misses you.
The hobgoblin hits you from afar with a +0 spear.
* * * LOW HITPOINT WARNING * * *
You hit the adder.
You kill the adder!
The hobgoblin misses you. The hobgoblin hits you with a +0 spear.
* * * LOW HITPOINT WARNING * * *
You hit the hobgoblin.
You kill the hobgoblin!
You hit the ooze.
The ooze is lightly wounded.
The ooze hits you.
* * * LOW HITPOINT WARNING * * *
Casting: Shroud of Golubria (safe; 24% risk of failure)
Confirm with . or Enter, or press ? or * to list all spells.
Space distorts slightly along a thin shroud covering your body.
The ooze hits you.
You die...

###..#.......##.#
#..#.......##.##.#.#
#..#.......##.##.#.#
#..#>.........##...
###..#############..#
# .....# #..###.#
.##### #......## .#
######........ .####
##..)@J.......# ....#
##.###.#..###..#
###.#######.## ##...#
#.........# #...#
#########.# #...#
##.# .#.... #..
#####.# ### ..


You could see an ooze.

Vanquished Creatures
  Terence (D:2)
  5 adders
  2 dart slugs (D:1)
  A leopard gecko (D:1)
  4 orcs
  A ball python (D:1)
  12 bats
  5 giant cockroaches
  5 goblins
  8 hobgoblins
  4 jackals (D:1)
  A quokka (D:2)
  A frilled lizard (D:1)
  5 kobolds
  7 rats
62 creatures vanquished.

Vanquished Creatures (others)
  7 toadstools (D:1)
7 creatures vanquished.

Grand Total: 69 creatures vanquished

Notes
Turn   | Place    | Note
-------+----------+-------------------------------------------
     0 | D:1      | psyvane the Halfling Warper began the quest for the Orb.
     0 | D:1      | Reached XP level 1. HP: 14/14 MP: 3/3
    33 | D:1      | Reached skill level 1 in Stealth
   202 | D:1      | Reached XP level 2. HP: 19/19 MP: 4/4
   209 | D:1      | Learned a level 2 spell: Blink
   301 | D:1      | Reached skill level 2 in Stealth
   749 | D:1      | Reached XP level 3. HP: 24/24 MP: 5/5
  1255 | D:1      | Reached skill level 3 in Stealth
  1564 | D:2      | Noticed Terence
  1595 | D:2      | Found a sparkling altar of Nemelex Xobeh.
  1919 | D:2      | Learned a level 2 spell: Shroud of Golubria
  2146 | D:2      | Killed Terence
  2146 | D:2      | Reached XP level 4. HP: 16/29 MP: 0/6
  2311 | D:2      | Reached skill level 4 in Stealth
  2652 | D:2      | Reached XP level 5. HP: 23/34 MP: 4/7
  3134 | D:3      | Reached skill level 5 in Stealth
  3217 | D:3      | HP: 1/34 [ooze (4)]
  3218 | D:3      | Slain by an ooze

Skill      XL: |  1  2  3  4  5 |
---------------+----------------+-----
Stealth        | 1 2 3 4 5 |  5.3
Fighting       | |  1.7
Short Blades   | |  2.4
Throwing       | |  1.0
Armour         | |  1.1
Dodging        | |  2.1
Spellcasting   | |  1.5
Charms         | |  0.4
Translocations | |  3.7

Action                   |  1- 3 |  4- 6 || total
-------------------------+-------+-------++-------
Melee: Short sword       |   163 |   143 ||   306
 Cast: Shroud of Golubri |     4 |     8 ||    12
       Blink             |     1 |       ||     1
  Use: Scroll            |     2 |     2 ||     4
       Potion            |     1 |       ||     1
 Stab: Sleeping          |     6 |     1 ||     7
  Eat: Chunk             |     4 |     5 ||     9
Armor: Leather armour    |    42 |    34 ||    76
Dodge: Dodged            |   130 |   152 ||   282
